 Dungeon Sprint DCSS version 0.29-a0-320-g9f8742066b (webtiles) character file.

Game seed: 1655548800922470909

8033 mhtbhm the Imperceptible (level 11, -3/120 HPs)
             Began as a Kobold Berserker on Apr 3, 2022.
             Was the Champion of Trog.
             Slain by Rupert
             ... wielding a +2 great mace of holy wrath
              (37 damage)
             ... in the Dungeon (Sprint III: "The Ten Rune Challenge").
             The game lasted 00:06:29 (2644 turns).

mhtbhm the Imperceptible (Kobold Berserker)         Turns: 2644, Time: 00:06:30

Health: -3/120     AC:  3    Str: 20    XL:     11   Next: 48%
Magic:  11/11      EV: 19    Int:  8    God:    Trog [******]
Gold:   1741       SH:  0    Dex: 14    Spells: 10/10 levels left

rFire   . . .      SeeInvis .   a - +5 quick blade
rCold   . . .      Faith    .   (no shield)
rNeg    . . .      Spirit   .   b - +0 leather armour
rPois   .          Reflect  .   (no helmet)
rElec   .          Harm     .   (no cloak)
rCorr   .          Rampage  .   (no gloves)
Will    .....      NoTele   +   (no boots)
Stlth   ..........              (no amulet)
HPRegen 0.30/turn               (no ring)
MPRegen 0.12/turn               (no ring)

@: berserking (expiring), very quick
A: small, no large weapons, nightstalker 3
a: Renounce Religion, Berserk, Trog's Hand, Brothers in Arms


You were in the Dungeon.
You worshipped Trog.
Trog was exalted by your worship.
You visited 1 branch You collected 1741 gold pieces.

Inventory:

Hand Weapons
 a - a +5 quick blade (weapon)
 r - the +6 short sword of Subterfuge {vorpal, rCorr}
   (Trog gifted it to you in the Dungeon)

   It inflicts extra damage upon your enemies.
   rCorr:     It protects you from acid and corrosion.
Missiles
 d - 4 curare-tipped darts (quivered)
Armour
 b - a +0 leather armour (worn)
Wands
 o - a wand of polymorph (10)
Scrolls
 h - a scroll of blinking
 i - a scroll of fog
 j - a scroll of fear
 l - 2 scrolls of holy word
Potions
 c - 2 potions of curing
 e - a potion of haste
 f - 2 potions of magic
 g - a potion of berserk rage
 k - 4 potions of mutation {unknown}
 m - a potion of attraction {unknown}
 n - a potion of resistance {unknown}
 p - a potion of might
Miscellaneous
 q - a phial of floods


   Skills:
 + Level 14.7 Fighting
 + Level 17.7 Short Blades
 + Level 0.2 Throwing
 + Level 5.5 Armour
 + Level 10.4 Dodging
 + Level 22.2 Stealth
 + Level 2.0 Evocations


You had 10 spell levels left.
You didn't know any spells.
Your spell library was empty.

Dungeon Overview and Level Annotations

Branches:
Dungeon (1/1)

Altars:
Cheibriados
Dithmenos
Elyvilon
Fedhas
Gozag
Hepliaklqana
Kikubaaqudgha
Makhleb
Nemelex Xobeh
Okawaru
Qazlal
Ru
Sif Muna
Trog
Uskayaw
Vehumet
Wu Jian
Xom
Yredelemnul
Zin
The Shining One
Beogh
Jiyva
Lugonu

Shops:
D [

Annotations:
D Rupert


Innate Abilities, Weirdness & Mutations

You are small and have problems with some larger weapons.
You are completely attuned to the shadows.


Message History

Unknown command.
A red film seems to cover your vision as you go berserk!
You feel yourself moving faster!
You feel mighty!
You feel a strong urge to attack something.
Rupert roars madly and goes into a rage!
Rupert shakes off his lethargy.
Rupert goes berserk!
You puncture Rupert!
Rupert is moderately wounded.
You puncture Rupert!
Rupert is moderately wounded.
You puncture Rupert!
Rupert is moderately wounded.
Rupert hits you with a +2 great mace of holy wrath!!!
You closely miss Rupert.
Rupert is moderately wounded.
You puncture Rupert!
Rupert is heavily wounded.
You puncture Rupert!
Rupert is heavily wounded.
Rupert hits you with a +2 great mace of holy wrath!!
* * * LOW HITPOINT WARNING * * *
You are too injured to fight recklessly!
You are too injured to fight recklessly!
You are too injured to fight recklessly!
You are too injured to fight recklessly!
You are too injured to fight recklessly!
You are too injured to fight recklessly!
You are too injured to fight recklessly!
You are too injured to fight recklessly!
You are too injured to fight recklessly!
You barely miss Rupert.
Rupert is heavily wounded.
You puncture Rupert!
Rupert is heavily wounded.
You hit Rupert.
Rupert is heavily wounded.
You barely miss Rupert.
Rupert is heavily wounded.
Rupert hits you with a +2 great mace of holy wrath!!!
You die...

#..# #..
####....#___#__'. ▓▓▓▓
▓▓▓▓▓▓▓▓▓▓▓▓▓▓▓▓▓▓▓▓▓
+.≈≈...≈≈≈♣♣.....♣♣♣♣≈
#≈.≈§§§≈≈≈♣♣.≈≈≈≈'♣♣'♣
#≈§§≈§§≈≈≈†'†....#.≈♣♣
#≈§§§§§≈≈.♣♣♣♣♣♣♣#..♣♣
#≈≈≈§≈≈.≈≈♣ ###'♣
####§###### ♣♣♣♣.#
.....@@((. ♣.†.##
########## ♣♣.##.
♣..#. ♣♣.## ♣♣.##
♣†... #####


You could see Rupert (berserk, very poisoned).

Vanquished Creatures
  Dowan (D)
  Erolcha (D)
  Urug (D)
  A lindwurm (D)
  A deep elf pyromancer (D)
  2 cane toads (D)
  A rime drake (D)
  A komodo dragon (D)
  2 tyrant leeches (D)
  5 blink frogs (D)
  A shadow (D)
  5 redbacks (D)
  A spatial vortex (D)
  An orc warrior (D)
  5 two-headed ogres (D)
  A necrophage (D)
  A water elemental (D)
  2 orc priests (D)
  A jelly (D)
  Jessica (D)
  A wizard (D)
  2 orc wizards (D)
  A necromancer (D)
  3 humans (D)
  A kobold demonologist (D)
  3 wandering mushrooms (D)
  A phantom (D)
  13 orcs (D)
  2 endoplasms (D)
  A ball python (D)
  A rat (D)
64 creatures vanquished.

Vanquished Creatures (others)
  A swamp drake (D)
1 creature vanquished.

Grand Total: 65 creatures vanquished

Notes
Turn   | Place    | Note
-------+----------+-------------------------------------------
     0 | D        | mhtbhm the Kobold Berserker began the quest for the Orb.
     0 | D        | Reached XP level 1. HP: 14/14 MP: 1/1
    33 | D        | Reached ** piety under Trog
    35 | D        | Noticed Jessica
    41 | D        | Killed Jessica
    42 | D        | Reached skill level 5 in Fighting
    42 | D        | Reached skill level 2 in Stealth
    42 | D        | Reached XP level 2. HP: 15/21 MP: 2/2
    42 | D        | Reached XP level 3. HP: 18/26 MP: 3/3
   144 | D        | Reached XP level 4. HP: 32/32 MP: 4/4
   171 | D        | Noticed a water elemental
   175 | D        | Killed a water elemental
   175 | D        | Reached *** piety under Trog
   176 | D        | Reached skill level 4 in Stealth
   176 | D        | Reached XP level 5. HP: 37/37 MP: 5/5
   187 | D        | Found a basalt altar of Yredelemnul.
   187 | D        | Found a shadowy altar of Dithmenos.
   187 | D        | Found a sacrificial altar of Ru.
   190 | D        | Reached skill level 5 in Stealth
   191 | D        | Reached XP level 6. HP: 44/44 MP: 6/6
   244 | D        | Found a radiant altar of Vehumet.
   244 | D        | Found a shimmering blue altar of Sif Muna.
   244 | D        | Found an ancient bone altar of Kikubaaqudgha.
   246 | D        | Reached **** piety under Trog
   247 | D        | Reached skill level 10 in Short Blades
   247 | D        | Reached skill level 6 in Stealth
   260 | D        | Found a glowing silver altar of Zin.
   260 | D        | Found a glowing golden altar of the Shining One.
   260 | D        | Found a white marble altar of Elyvilon.
   261 | D        | Noticed a deep elf pyromancer
   263 | D        | Killed a deep elf pyromancer
   263 | D        | Reached ***** piety under Trog
   264 | D        | Reached skill level 10 in Fighting
   264 | D        | Reached skill level 5 in Dodging
   264 | D        | Reached skill level 10 in Stealth
   264 | D        | Reached XP level 7. HP: 52/52 MP: 7/7
   273 | D        | Found a hide-covered altar of Uskayaw.
   273 | D        | Found an iron altar of Okawaru.
   274 | D        | Found a bloodstained altar of Trog.
   274 | D        | Found an ornate altar of the Wu Jian Council.
   274 | D        | Noticed a human
   274 | D        | Noticed a human
   282 | D        | Killed a human
   283 | D        | Reached XP level 8. HP: 58/58 MP: 8/8
   289 | D        | Killed a human
   290 | D        | Reached skill level 11 in Stealth
   381 | D        | Noticed a shadow
   383 | D        | Killed a shadow
   391 | D        | Found a blossoming altar of Fedhas.
   391 | D        | Found a stormy altar of Qazlal.
   391 | D        | Found a snail-covered altar of Cheibriados.
   391 | D        | Found a burning altar of Makhleb.
   391 | D        | Found a shimmering altar of Xom.
   392 | D        | Found a hazy altar of Hepliaklqana.
   392 | D        | Found an opulent altar of Gozag.
   392 | D        | Found a sparkling altar of Nemelex Xobeh.
   392 | D        | Found a corrupted altar of Lugonu.
   392 | D        | Found a viscous altar of Jiyva.
   396 | D        | Reached skill level 12 in Stealth
   417 | D        | Received a gift from Trog
   421 | D        | Reached skill level 13 in Stealth
   421 | D        | Reached XP level 9. HP: 64/64 MP: 9/9
   429 | D        | Noticed a two-headed ogre
   432 | D        | Killed a two-headed ogre
   433 | D        | Reached skill level 5 in Armour
   433 | D        | Reached skill level 14 in Stealth
   437 | D        | Noticed a two-headed ogre
   437 | D        | Noticed Erolcha
   439 | D        | Killed Erolcha
   440 | D        | Reached skill level 15 in Short Blades
   440 | D        | Reached skill level 15 in Stealth
   440 | D        | Killed a two-headed ogre
   441 | D        | Reached skill level 16 in Stealth
   476 | D        | Reached skill level 17 in Stealth
   476 | D        | Reached XP level 10. HP: 54/72 MP: 10/10
   799 | D        | Reached ****** piety under Trog
  1135 | D        | Noticed Dowan
  1135 | D        | Noticed Duvessa
  1152 | D        | Killed Dowan
  1152 | D        | Identified the +6 short sword of Subterfuge {vorpal, rCorr}
                  | (Trog gifted it to you in the Dungeon)
  1152 | D        | Received a gift from Trog
  1153 | D        | Reached skill level 19 in Stealth
  1180 | D        | Noticed Duvessa
  1180 | D        | Duvessa changed into Duvessa the ball python
  1181 | D        | Killed Duvessa the ball python
  1263 | D        | Noticed a cane toad
  1263 | D        | Noticed a komodo dragon
  1263 | D        | Noticed a cane toad
  1281 | D        | Killed a komodo dragon
  1526 | D        | Killed a cane toad
  1532 | D        | Killed a cane toad
  1533 | D        | Reached skill level 20 in Stealth
  1950 | D        | Reached skill level 1 in Evocations
  1952 | D        | Noticed a lindwurm
  1955 | D        | Killed a lindwurm
  1956 | D        | Reached XP level 11. HP: 79/79 MP: 11/11
  1962 | D        | Received a gift from Trog
  1963 | D        | Reached skill level 21 in Stealth
  1963 | D        | Noticed Urug
  1965 | D        | Killed Urug
  2241 | D        | Received a gift from Trog
  2255 | D        | Received a gift from Trog
  2312 | D        | Found Qukiarr's Armour Shop.
  2457 | D        | Reached skill level 10 in Dodging
  2470 | D        | Reached skill level 22 in Stealth
  2629 | D        | Noticed Rupert
  2644 | D        | Slain by Rupert

Illustrated notes

Levels and vault maps discovered:
D:        dungeon_sprint_mu [sprint_mu_entry_cave, sprint_mu_temple_rooms,
          sprint_mu_d1_spiders, sprint_mu_d2_genie, sprint_mu_d3_branching,
          sprint_mu_orc_legion, sprint_mu_elf_gauntlet, sprint_mu_hive_nellie,
          sprint_mu_lair_fedhas, sprint_mu_vaults_butterflies,
          sprint_mu_slime_circle, sprint_mu_shoals_archi,
          sprint_mu_snake_twists, sprint_mu_blade_basic,
          sprint_mu_crypt_fortress, sprint_mu_tomb_spiral,
          sprint_mu_vestibule_basic, sprint_mu_gehenna_hellfire,
          sprint_mu_dis_giant, sprint_mu_tartarus_statrot,
          sprint_mu_cocytus_islands, sprint_mu_zot1]

Skill      XL: |  1  2  3  4  5  6  7  8  9 10 11 |
---------------+----------------------------------+-----
Armour         | 2 3 4 5 |  5.5
Fighting       | 5 6 8 10 11 12 13 14 | 14.7
Short Blades   | 6 8 9 12 14 15 16 17 | 17.7
Dodging        | 3 4 5 6 7 9 10 | 10.4
Stealth        | 2 4 5 10 13 17 20 22 | 22.2
Evocations     | 1 2 |  2.0
Throwing       | |  0.2

Action                   |  1- 3 |  4- 6 |  7- 9 | 10-12 || total
-------------------------+-------+-------+-------+-------++-------
Melee: Short sword       |     5 |       |       |    89 ||    94
       Dagger            |     6 |     7 |    33 |    94 ||   140
       Punch             |       |       |     1 |     3 ||     4
       Quick blade       |       |       |       |    45 ||    45
Throw: Dart              |       |       |       |     4 ||     4
Invok: Berserk           |     1 |       |     2 |     6 ||     9
Evoke: Wand              |       |       |       |     2 ||     2
  Use: Potion            |       |       |     1 |     2 ||     3
       Scroll            |       |       |       |     3 ||     3
 Stab: Sleeping          |     4 |     6 |     9 |     6 ||    25
Armor: Animal skin       |       |       |     1 |       ||     1
       Robe              |       |       |     3 |     6 ||     9
Dodge: Dodged            |     3 |     1 |    14 |   109 ||   127

Table legend: (Time is in decaauts)
 A = Elapsed time spent in this place.
 B = Non-inter-level travel time spent in this place.
 C = Inter-level travel time spent in this place.
 D = Time resting spent in this place.
 E = Time spent auto-exploring this place.
 F = Levels seen in this place.
 G = Mean time per level.
                   A        B        C        D        E       F      G
               +--------+--------+--------+--------+--------+-----+--------+
         Total |   2560 |   2546 |     14 |   1736 |     22 |   1 | 2560.0 |
       Dungeon |   2560 |   2546 |     14 |   1736 |     22 |   1 | 2560.0 |
               +--------+--------+--------+--------+--------+-----+--------+

Top non-repeatable levels by time:
       D: 2560 daAuts
